 Dungeon Crawl Stone Soup version 0.17-a0-1647-gb11a595 (webtiles) character file.

98 Nakatomy the Sneak (level 4, -2/21 HPs)
             Began as a Vine Stalker Enchanter on Aug 12, 2015.
             Was an Initiate of Dithmenos.
             Killed by divine providence
             ... invoked by an orc priest
              (10 damage)
             ... on level 3 of the Dungeon.
             The game lasted 00:15:06 (2421 turns).

Nakatomy the Sneak (Vine Stalker Enchanter)         Turns: 2421, Time: 00:15:06

Health: -2/21      AC:  6    Str: 11    XL:     4   Next: 69%
Magic:  0/8        EV: 12    Int: 15    God:    Dithmenos [......]
Gold:   155        SH:  0    Dex: 15    Spells: 2 memorised, 4 levels left

rFire  . . .     SeeInvis .     a - +1 dagger
rCold  . . .     Clarity  .     b - +1 robe
rNeg   . . .     SustAt   .     (no shield)
rPois  .         Gourm    .     j - +0 helmet
rElec  .         Spirit   +     i - +0 cloak
rCorr  .         Warding  .     g - +0 pair of gloves
rMut   .         Stasis   .     (no boots)
MR     .....                    p - amulet of rage
Stlth  +++.......               (no ring)
                                (no ring)

@: not resistant to hostile enchantments, fairly stealthy
A: fangs 2, regeneration 1, magic shield, antimagic bite, no device heal 3, rot
immunity
a: Renounce Religion, Evoke Berserk Rage


You were on level 3 of the Dungeon.
You worshipped Dithmenos.
Dithmenos was noncommittal.
You were near starving.

You visited 1 branch of the dungeon, and saw 3 of its levels.

You collected 155 gold pieces.

Inventory:

Hand weapons
 a - a +1 dagger (weapon)
Armour
 b - a +1 robe (worn)
 g - a +0 pair of gloves (worn)
 i - a +0 cloak (worn)
 j - a +0 helmet (worn)
Jewellery
 p - an amulet of rage (around neck)
 u - a +2 ring of intelligence {unknown}
Magical devices
 r - a wand of hasting (1)
Scrolls
 e - a scroll of enchant weapon {unknown}
 f - 2 scrolls of remove curse {unknown}
 h - 2 scrolls of enchant armour {unknown}
 l - 5 scrolls of identify (quivered) {unknown}
 o - a scroll of random uselessness {unknown}
 q - a scroll of fog {unknown}
 v - a scroll of blinking {unknown}
Potions
 k - a potion of curing {unknown}
 n - a potion of might {unknown}
 s - a potion of lignification {unknown}
Books
 c - a book of Maledictions

   Spells                             Type                      Level
   a - Corona                         Hexes                        1
   b - Ensorcelled Hibernation        Hexes/Ice                    2
   c - Confuse                        Hexes                        3
   d - Tukima's Dance                 Hexes                        3
   e - Dazzling Spray                 Conjuration/Hexes            3
Comestibles
 d - a bread ration
 m - 3 fruits


   Skills:
 - Level 1.1 Short Blades
 - Level 1.5 Dodging
 + Level 6.6 Stealth
 - Level 2.1 Spellcasting
 - Level 3.0 Hexes


You had 4 spell levels left.
You knew the following spells:

 Your Spells              Type           Power        Failure   Level  Hunger
a - Corona                Hex            ##.....      8%          1    #......
b - Ensorcelled Hibernat  Hex/Ice        #.....       17%         2    ###....


Dungeon Overview and Level Annotations

Branches:
Dungeon (3/15)

Altars:
Ashenzari
Dithmenos
Makhleb
Xom


Innate Abilities, Weirdness & Mutations

You have extremely sharp teeth.
Your natural rate of healing is unusually fast.
When hurt, damage is shared between your health and your magic reserves.
Your bite disrupts and absorbs the magic of your enemies.
Potions and wands cannot restore your health.
You are immune to rotting.


Message History

Unknown command.
Unknown command.
You completely miss the orc priest.
You bite the orc priest, but do no damage.
The orc priest is lightly wounded.
The orc closely misses you.
The orc priest casts a cantrip, but nothing happens.
You closely miss the orc priest.
You bite the orc priest, but do no damage.
The orc priest is lightly wounded.
The orc closely misses you.
You hit the orc priest but do no damage.
The orc priest is lightly wounded.
The orc priest hits you but does no damage.
The orc closely misses you. The orc misses you.
You hit the orc priest.
The orc priest is moderately wounded.
The orc priest invokes the aid of Beogh against you.
Something smites you!
You die...

....#####).#.....#
....######.#.....#
....#............#
....#....)#......#
....#.....#...####
#####....o##.o##########
#.....##.>†.........
#.oo..######o######
#.....######@#
.(o........oo#
....##.##...#.# .....#
.##...#.# .o....#
.##...#.# ..o.o..#
#...#.# #...#.# #..)#.#
#..>#.######


You could see an orc priest and 2 orcs.

Vanquished Creatures
  3 adders
  An ooze (D:1)
  A worm (D:2)
  6 orcs (D:3)
  2 giant cockroaches
  11 hobgoblins
  3 kobolds
  A quokka (D:2)
  A ball python (D:2)
  6 bats
  A giant gecko (D:1)
  3 giant newts
  9 goblins
  8 rats
56 creatures vanquished.

Notes
Turn   | Place    | Note
--------------------------------------------------------------
     0 | D:1      | Nakatomy the Vine Stalker Enchanter began the quest for the Orb.
     0 | D:1      | Reached XP level 1. HP: 9/9 MP: 4/4
    21 | D:1      | Reached skill level 1 in Short Blades
   228 | D:1      | Reached skill level 4 in Stealth
   283 | D:1      | Reached XP level 2. HP: 13/13 MP: 6/6
   724 | D:1      | Learned a level 2 spell: Ensorcelled Hibernation
   734 | D:1      | Reached XP level 3. HP: 16/16 MP: 7/7
   753 | D:1      | Reached skill level 5 in Stealth
  1401 | D:2      | Reached skill level 6 in Stealth
  1401 | D:2      | Reached XP level 4. HP: 21/21 MP: 5/8
  1850 | D:3      | Found a shattered altar of Ashenzari.
  1856 | D:3      | Found a faded altar to an unknown god.
  2159 | D:3      | Found a shimmering altar of Xom.
  2199 | D:3      | Found a shadowy altar of Dithmenos.
  2199 | D:3      | Found a burning altar of Makhleb.
  2219 | D:3      | Became a worshipper of Dithmenos the Shadowed
  2421 | D:3      | Killed from afar by an orc priest

Vault maps used:
D:1:      lightli_arrival_noodles
D:2:      nrook_loot_triangle
D:3:      ashenzari_altar_1, grunt_temple_overflow_open,
          lemuel_coloured_pillars_altar, ecumenical_altar_2

Action                   |  1- 3 |  4- 6 || total
-------------------------+-------+-------++-------
Melee: Dagger            |   132 |    52 ||   184
 Cast: Corona            |     2 |       ||     2
       Ensorcelled Hiber |     7 |    14 ||    21
 Stab: Sleeping          |     8 |     9 ||    17
  Eat: Chunk             |     2 |     3 ||     5
